 Dungeon Crawl Stone Soup version 0.27-a0-263-gc8dee61f84 (webtiles) character file.

Game seed: 12660880577232384880

373 ALWAYSlose the Skirmisher (level 6, -4/73 HPs)
             Began as a Demonspawn Berserker on Feb 5, 2021.
             Was a Believer of Trog.
             Slain by a worker ant (5 damage)
             ... on level 6 of the Dungeon.
             The game lasted 00:06:37 (3607 turns).

ALWAYSlose the Skirmisher (Demonspawn Berserker)    Turns: 3607, Time: 00:06:38

Health: -4/73      AC:  5    Str: 18    XL:     6   Next: 43%
Magic:  6/6        EV: 13    Int:  8    God:    Trog [**....]
Gold:   148        SH:  0    Dex: 16    Spells: 5/5 levels left

rFire    . . .     SeeInvis .   q - +2 scythe (venom)
rCold    . . .     Faith    +   (shield currently unavailable)
rNeg     . . .     Spirit   .   k - +2 leather armour {Will+}
rPois    .         Reflect  .   (helmet restricted)
rElec    .         Harm     .   (no cloak)
rCorr    .         Rampage  .   (no gloves)
Will     +....                  (no boots)
Stlth    ..........             o - amulet of faith
HPRegen  0.22/turn              (no ring)
MPRegen  0.10/turn              (no ring)

@: berserking (expiring), lethally poisoned (-4 -> -31), very quick
A: horns 1, thin skeletal structure 1, powered by pain 1
a: Renounce Religion, Berserk, Trog's Hand


You were on level 6 of the Dungeon.
You worshipped Trog.
Trog was pleased with you.
You visited 1 branch of the dungeon, and saw 5 of its levels.

You collected 148 gold pieces.

Inventory:

Hand Weapons
 q - a +2 scythe of venom (weapon)
Missiles
 f - a throwing net
Armour
 k - a +2 leather armour of willpower (worn)
Jewellery
 o - an amulet of faith (around neck)
Scrolls
 a - a scroll of fear
 c - 3 scrolls of immolation
 h - a scroll of remove curse
 l - a scroll of teleportation
Potions
 b - a potion of degeneration {unknown}
 d - a potion of ambrosia {unknown}
 e - a potion of lignification {unknown}
 g - a potion of heal wounds {unknown}
 i - a potion of curing {unknown}
 j - a potion of magic {unknown}
 m - a potion of attraction {unknown}


   Skills:
 + Level 4.5 Fighting
 - Level 4.2(4.4) Axes
 + Level 1.4(3.1) Polearms
 - Level 3.0 Armour
 - Level 3.0 Dodging


You had 5 spell levels left.
You didn't know any spells.
Your spell library was empty.

Dungeon Overview and Level Annotations

Branches:
Dungeon (4/15)             Temple (0/1) D:4

Altars:
Gozag
Qazlal
Sif Muna

Shops:
D:3 *

Annotations:
D:6 2 runed translucent doors


Innate Abilities, Weirdness & Mutations

You have a pair of small horns on your head.
You have a somewhat thin skeletal structure. (Dex +2, Stealth)
You sometimes gain a little power by taking damage.


Message History

The giant cockroach bites you but does no damage.
You slice the killer bee!!
You kill the killer bee!
Trog accepts your kill.
* * * LOW HITPOINT WARNING * * *
You feel very sick. The worker ant bites you.
* * * LOW HITPOINT WARNING * * *
The worker ant waves its antennae.
The worker ant barely misses you. The giant cockroach barely misses you.
The worker ant misses you. x2
You closely miss the worker ant.
* * * LOW HITPOINT WARNING * * *
You feel sick. The worker ant closely misses you.
The giant cockroach closely misses you. The worker ant closely misses you.
The worker ant bites you.
* * * LOW HITPOINT WARNING * * *
You are more poisoned.
The worker ant poisons you! The worker ant bites you.
You die...

. . ... #######
...
....#bbB.b#....
....+.†BBB+....


#bB@BB# ####### You could see 3 worker ants and 4 giant cockroaches.

Vanquished Creatures
  Sigmund (D:3)
  A killer bee (D:6)
  2 worker ants (D:6)
  3 gnolls (D:3)
  3 adders
  3 worms
  A dart slug (D:1)
  A leopard gecko (D:3)
  6 orcs (D:3)
  3 bats (D:3)
  4 giant cockroaches
  8 goblins
  6 hobgoblins
  10 kobolds
  3 quokkas
  5 ball pythons
  3 frilled lizards
  6 rats
69 creatures vanquished.

Notes
Turn   | Place    | Note
-------+----------+-------------------------------------------
     0 | D:1      | ALWAYSlose the Demonspawn Berserker began the quest for the
                  | Orb.
     0 | D:1      | Reached XP level 1. HP: 18/18 MP: 1/1
   277 | D:1      | Gained mutation: You have a pair of small horns on your
                  | head. [demonic ancestry]
   277 | D:1      | Reached XP level 2. HP: 11/24 MP: 2/2
   521 | D:1      | You fall into a shaft and drop 1 floor!
   921 | D:2      | Reached XP level 3. HP: 29/29 MP: 3/3
  1733 | D:2      | Reached ** piety under Trog
  2219 | D:3      | Gained mutation: You sometimes gain a little power by
                  | taking damage. [demonic ancestry]
  2219 | D:3      | Reached XP level 4. HP: 28/35 MP: 4/4
  2337 | D:3      | Found a stormy altar of Qazlal.
  2363 | D:3      | Found an opulent altar of Gozag.
  2368 | D:3      | Found Gozag's Platinum Reserve.
  2931 | D:3      | Noticed Sigmund
  2940 | D:3      | Killed Sigmund
  2941 | D:3      | Gained mutation: You have a somewhat thin skeletal
                  | structure. (Dex +2, Stealth) [demonic ancestry]
  2941 | D:3      | Reached XP level 5. HP: 42/42 MP: 5/5
  2973 | D:3      | Reached XP level 6. HP: 48/48 MP: 6/6
  3149 | D:3      | Found a shimmering blue altar of Sif Muna.
  3562 | D:4      | Found a staircase to the Ecumenical Temple.
  3598 | D:4      | You fall into a shaft and drop 2 floors!
  3598 | D:6      | Found a runed translucent door.
  3598 | D:6      | Found a runed translucent door.
  3602 | D:6      | Reached skill level 1 in Polearms
  3607 | D:6      | HP: 1/73 [worker ant (4)]
  3607 | D:6      | Slain by a worker ant

Illustrated notes

Levels and vault maps discovered:
D:1:      saegor_arrival_simple_c, layout_basic, minmay_misc_feat_more_columns
D:2:      layout_loops_corners, minmay_misc_feat_x, kennysheep_minor_cross
D:3:      layout_loops_ring, nicolae_gozag_zags_fifth_avenue,
          nicolae_overflow_hidden_temple, grunt_qazlal_clouds, uniq_sigmund
D:4:      layout_basic, minmay_temple_entry_mist, enter_ossuary_5, uniq_grinder
D:6:      lemuel_insect_pit, layout_rooms, kennysheep_mini_moat,
          gammafunk_temple_overflow_pools, minmay_misc_feat_five,
          minmay_microvault

Skill      XL: |  1  2  3  4  5  6 |
---------------+-------------------+-----
Axes           | 3 4 |  4.2
Dodging        | 2 3 |  3.0
Armour         | 2 3 |  3.0
Fighting       | 4 |  4.5
Polearms       | 1 |  1.4

Action                   |  1- 3 |  4- 6 || total
-------------------------+-------+-------++-------
Melee: Hand axe          |   125 |    51 ||   176
       Headbutt          |    12 |    18 ||    30
       Scythe            |       |    18 ||    18
Invok: Berserk           |     2 |     4 ||     6
       Trog's Hand       |       |     1 ||     1
  Use: Scroll            |       |     7 ||     7
 Stab: Sleeping          |       |     6 ||     6
Armor: Ring mail         |    31 |     1 ||    32
       Leather armour    |       |    19 ||    19
Dodge: Dodged            |    75 |    58 ||   133

Table legend: (Time is in decaauts)
 A = Elapsed time spent in this place.
 B = Non-inter-level travel time spent in this place.
 C = Inter-level travel time spent in this place.
 D = Time resting spent in this place.
 E = Time spent auto-exploring this place.
 F = Levels seen in this place.
 G = Mean time per level.
                   A        B        C        D        E       F      G
               +--------+--------+--------+--------+--------+-----+--------+
         Total |   3689 |   3525 |    164 |    362 |   2688 |   5 |  737.8 |
       Dungeon |   3689 |   3525 |    164 |    362 |   2688 |   5 |  737.8 |
               +--------+--------+--------+--------+--------+-----+--------+

Top non-repeatable levels by time:
     D:2: 1668 daAuts
     D:3: 1400 daAuts
     D:1: 535 daAuts
     D:4: 75 daAuts
     D:6: 10 daAuts
